 Dungeon Crawl Stone Soup version 0.25-a0-631-gc915619fb7 (webtiles) character file.

Game seed: 11810022892396007987, levelgen mode: deterministic

298767 Lauz the Executioner (level 20, -1/204 HPs)
             Began as a Hill Orc Berserker on Mar 18, 2020.
             Was a High Priest of Trog.
             Killed from afar by a deep elf sorcerer (27 damage)
             ... with damnation
             ... on level 3 of the Elven Halls.
             The game lasted 03:21:45 (49152 turns).

Lauz the Executioner (Hill Orc Berserker)          Turns: 49152, Time: 03:21:45

Health: -1/204     AC: 43    Str: 37    XL:     20   Next: 97%
Magic:  30/30      EV: 16    Int: 10    God:    Trog [*****.]
Gold:   1880       SH:  0    Dex: 13    Spells: 19/19 levels left

rFire    + . .     SeeInvis .   S - +7 executioner's axe (flame)
rCold    . . .     Gourm    .   (shield currently unavailable)
rNeg     + . .     Faith    .   Q - +27 Lear's hauberk
rPois    .         Spirit   .   (helmet currently unavailable)
rElec    +         Reflect  .   w - +3 cloak "Kogh" {rF+ Int+3}
rCorr    .         Harm     .   (gloves currently unavailable)
MR       +++++     Clarity  +   (boots currently unavailable)
Stlth    ..........             t - amulet of the Four Winds {rN+ MR+++ Clar}
HPRegen  0.44/turn              l - ring of protection from magic
MPRegen  0.22/turn              s - ring of Jistick {rElec MP+9 Str+8 Dex+3}

@: lethally poisoned (-1 -> -14), corroded, very slightly contaminated, studying
Dodging
A: no striking features
}: 2/15 runes: serpentine, barnacled
a: Berserk, Trog's Hand, Brothers in Arms, Renounce Religion


You were on level 3 of the Elven Halls.
You worshipped Trog.
Trog was extremely pleased with you.
You were very hungry.

You visited 6 branches of the dungeon, and saw 34 of its levels.
You visited 1 bazaar.
You also visited: Gauntlet, Ice Cave, Volcano and Wizlab.

You collected 3355 gold pieces.
You spent 1475 gold pieces at shops.

Inventory:

Hand Weapons
 o - a +1 executioner's axe of electrocution
 S - a +7 executioner's axe of flaming (weapon)
Armour
 a - the +1 pair of boots "Qes Idgh" {rPois SInv}
   (You found it in a Gauntlet)

   It protects you from poison.
   It lets you see invisible.
 b - a +2 hat of magic resistance
 d - the cursed +0 helmet of the Lute {-Cast rPois rN++ Stlth+}
   (You bought it in a shop on level 2 of the Snake Pit)

   It protects you from poison.
   It greatly protects you from negative energy.
   It prevents spellcasting.
   It makes you more stealthy.
   It has a curse placed upon it.
 u - a +2 cloak of poison resistance
 w - the +3 cloak "Kogh" (worn) {rF+ Int+3}
   (You found it on level 4 of the Shoals)

   It affects your intelligence (+3).
   It protects you from fire.
 H - the +2 cloak "War Kinerumi" {Str+3 Int+5}
   (You found it in a wizard's laboratory)

   It affects your strength (+3).
   It affects your intelligence (+5).
 N - the cursed +0 helmet of the Hare {MR+ rCorr SInv Stlth+}
   (You found it on level 2 of the Shoals)

   It affects your resistance to hostile enchantments.
   It lets you see invisible.
   It provides partial protection from all sources of acid and corrosion.
   It makes you more stealthy.
   It has a curse placed upon it.
 Q - the +27 Lear's hauberk (worn)
   (You acquired it on level 1 of the Lair of Beasts)
 T - the +7 plate armour "Gaepet" {rC+ Str+3}
   (You found it on level 3 of the Snake Pit)

   It affects your strength (+3).
   It protects you from cold.
 Y - the +0 pair of fencer's gloves {Riposte Dex+3}
   (You found it in a Gauntlet)

   It affects your dexterity (+3).
Jewellery
 e - an uncursed ring of poison resistance
 l - a ring of protection from magic (left hand)
 r - an uncursed amulet of the acrobat
 s - the ring of Jistick (right hand) {rElec MP+9 Str+8 Dex+3}
   (You bought it in a shop on level 2 of the Elven Halls)

   [ring of dexterity]

   It affects your strength (+8).
   It affects your dexterity (+3).
   It insulates you from electricity.
   It affects your magic capacity (+9).
 t - the amulet of the Four Winds (around neck) {rN+ MR+++ Clar}
   (You found it on level 2 of the Snake Pit)

   [amulet of nothing]

   It protects you from negative energy.
   It affects your resistance to hostile enchantments.
   It protects you against confusion.
 v - an uncursed amulet of regeneration
 A - a +6 ring of intelligence
 D - an uncursed ring of protection from cold
 F - an uncursed ring of flight
 G - a +4 amulet of reflection
 K - the ring of Dim Light {*Contam rF+ rN++ Str-2 Dex+3}
   (You found it on level 4 of the Shoals)

   [ring of protection from fire]

   It affects your strength (-2).
   It affects your dexterity (+3).
   It protects you from fire.
   It greatly protects you from negative energy.
   It causes magical contamination when unequipped.
 R - an uncursed ring of protection from fire
 V - the ring of Kuad {rPois rF++ MR++ Slay-4}
   (You found it in an ice cave)

   [ring of poison resistance]

   It affects your accuracy and damage with ranged weapons and melee attacks
   (-4).
   It greatly protects you from fire.
   It protects you from poison.
   It affects your resistance to hostile enchantments.
Wands
 q - a wand of disintegration (19)
 E - a wand of paralysis (36)
 U - a wand of clouds (6)
 W - a wand of enslavement (10)
 X - a wand of digging (12)
Scrolls
 k - 9 scrolls of teleportation
 m - 7 scrolls of enchant armour
 p - 22 scrolls of remove curse
 x - 3 scrolls of blinking
 y - 3 scrolls of enchant weapon
 C - 7 scrolls of fog
 L - a scroll of magic mapping
 M - 12 scrolls of fear
 O - 3 scrolls of summoning
Potions
 f - 8 potions of brilliance
 g - 10 potions of curing
 h - a potion of might
 i - 4 potions of lignification
 j - 4 potions of cancellation
 n - a potion of ambrosia
 z - 4 potions of haste
 B - 12 potions of flight
 J - 7 potions of berserk rage
 P - 3 potions of heal wounds
 Z - a potion of resistance
Books
 I - a manual of Dodging
Comestibles
 c - 61 rations


   Skills:
 + Level 23.4 Fighting
 - Level 25.0 Axes
 * Level 19.6 Armour
 * Level 11.0 Dodging
 - Level 2.6 Evocations


You had 19 spell levels left.
You didn't know any spells.
Your spell library was empty.

Dungeon Overview and Level Annotations

Branches:
Dungeon (15/15)            Temple (0/1) D:4            Lair (6/6) D:11
 Shoals (4/4) Lair:3        Snake (4/4) Lair:2        Slime (0/5) Lair:5
    Orc (2/2) D:12            Elf (3/3) Orc:2        Vaults (0/5) D:14
 Depths (0/5) D:15          IceCv (visited)         Volcano (visited)
 WizLab (visited)         Gauntlet (visited)

Altars:
Dithmenos
Elyvilon
Fedhas
Hepliaklqana
Makhleb
Nemelex Xobeh
Ru
Sif Muna
Wu Jian
Yredelemnul
The Shining One

Shops:
D:5 *   D:10 (   D:12 =   Orc:2 ?:!([   Elf:2 =!}=}   Shoals:1 *   Snake:1 ?
Snake:2 [   Snake:4 ::=!*(::

Portals:
Pandemonium: Orc:2

Annotations:
D:9 1 runed translucent door, StormphoenixUK's ghost, novice DsBe


Message History

You are very lightly contaminated with residual magic.
As you read the scroll of blinking, it crumbles to dust.
You feel very sick.
You feel very sick.
Some walls begin to move on their own!
You feel very sick.
You feel sick.
You feel very sick.
You feel sick.
You feel sick.
You hear rumbling.
The deep elf sorcerer points at you and mumbles some strange words.
The bolt of acid hits you.
* * * LOW HITPOINT WARNING * * *
You are splashed with acid!
* * * LOW HITPOINT WARNING * * *
You feel much better.
You feel sick.
The deep elf sorcerer casts a spell at you.
The sphere of damnation explodes!
The damnation engulfs you!!
You die...

.##*#....,,,** ##.# ##
*....,,,* #e.# **...,,+**
#####.##
*,..,,*,**###.....#
********+##....e..###
*#...........# ###
#...........# ..#
#...........# ..#
#..@........#
..############...........#
..'..........'...........#
..############∩..........#
..# ###.......### ..#
###...### ### #####


You could see a deep elf blademaster and a deep elf sorcerer.

Vanquished Creatures
  Bai Suzhen (Snake:2)
  Vashnia (Snake:4)
  Nikola (Snake:3)
  2 Ice Fiends (IceCv)
  The ghost of Esekla the Spry, an adept SpAr of Lugonu (Shoals:4)
  The ghost of Dereoz the Executioner, an adept MiBe of Trog (Shoals:3)
  An eldritch tentacle (WizLab)
  A tentacled starspawn (WizLab)
  Kirke (D:12)
  Roxanne (Snake:2)
  10 nagarajas
  A deep elf elementalist (Elf:3)
  2 entropy weavers (Lair:6)
  Nessos (Lair:6)
  3 deep elf demonologists
  A deep elf annihilator (Elf:1)
  A minotaur (Gauntlet)
  3 merfolk javelineers
  A deep elf death mage (Elf:3)
  Snorg (Orc:2)
  A blizzard demon (WizLab)
  2 fire dragons (D:15)
  7 merfolk impalers
  Josephine (D:12)
  A deep elf high priest (Elf:3)
  3 hydras
  13 naga warriors
  An ice dragon (Snake:1)
  A catoblepas (Lair:6)
  Erica (D:8)
  4 centaur warriors
  A hell beast (Gauntlet)
  A death knight (D:15)
  A shambling mangrove (Shoals:2)
  11 anacondas
  2 alligator snapping turtles
  A satyr (Shoals:4)
  4 merfolk aquamancers
  8 two-headed ogres
  25 dancing weapons
  4 merfolk avatars
  6 death yaks (Lair:4)
  A queen ant (Lair:6)
  2 hell knights
  A thrashing horror (WizLab)
  7 orc high priests (Orc:2)
  10 shock serpents
  9 naga sharpshooters
  18 deep elf knights
  Sonja (Orc:1)
  2 salamander mystics
  5 sea snakes
  6 unseen horrors
  An infernal demonspawn (Orc:2)
  2 torturous demonspawn (Orc:2)
  An obsidian statue (WizLab)
  A harpy (shapeshifter) (D:15)
  19 deep elf archers
  7 naga ritualists
  3 phantasmal warriors (D:15)
  2 lindwurms
  19 harpies
  5 wizards
  11 mana vipers
  4 orc sorcerers (Orc:2)
  68 deep elf magi
  6 orc knights
  13 fauns
  5 oklob plants
  2 worldbinders (WizLab)
  5 cyclopes
  8 manticores
  3 ugly things
  11 guardian serpents
  2 centaur zombies
  Maurice (D:8)
  11 salamanders
  14 elephants
  A moth of wrath (Shoals:4)
  10 merfolk sirens
  Joseph (D:8)
  A water nymph (Shoals:4)
  24 naga magi
  52 black mambas
  2 ice statues (IceCv)
  A torpor snail (Lair:3)
  2 smoke demons (WizLab)
  10 spiny frogs
  3 gargoyles (D:12)
  A rust devil (Orc:2)
  A yaktaur (Volcano)
  10 komodo dragons
  2 kobold demonologists
  5 rime drakes
  2 orange demons (WizLab)
  14 ice devils
  3 freezing wraiths
  2 hellwings
  An ancient zyme (WizLab)
  A red devil (WizLab)
  A queen bee (Lair:3)
  A troll (shapeshifter) (D:15)
  23 merfolk
  4 polar bears
  4 trolls
  7 wind drakes
  A slime creature (D:11)
  A wind drake (shapeshifter) (Elf:1)
  8 hornets
  10 dream sheep
  6 snapping turtles
  20 blink frogs
  A harpy skeleton (D:15)
  6 hippogriffs
  12 water elementals
  5 wraiths (D:12)
  A shadow (D:15)
  2 fire elementals (Elf:2)
  A yak (shapeshifter) (D:14)
  A vampire (D:14)
  3 chaos spawn (Orc:2)
  3 hogs (D:12)
  3 wyverns
  5 basilisks
  43 yaks
  A hungry ghost (D:9)
  Eustachio (D:5)
  A neqoxec (Orc:2)
  2 vampire mosquitoes (D:15)
  51 nagas
  Menkaure (D:6)
  4 spatial vortices (WizLab)
  3 wargs
  An insubstantial wisp (WizLab)
  8 soldier ants (Lair:6)
  22 water moccasins
  11 porcupines
  A hell hound (Gauntlet)
  5 sky beasts
  38 orc warriors
  A necrophage (D:11)
  3 ice beasts
  3 phantoms
  An eye of draining (D:12)
  9 ogres
  6 wolves (Lair:3)
  9 centaurs
  15 crocodiles
  3 big kobolds
  20 bullfrogs
  3 earth elementals
  A wyvern zombie (D:7)
  A small abomination (WizLab)
  5 scorpions
  28 killer bees
  15 wights
  An electric eel (Lair:3)
  6 howler monkeys
  5 crimson imps
  2 bullfrog zombies (D:6)
  A quasit (D:9)
  5 jellies
  4 hounds
  35 orc priests
  26 orc wizards
  3 bullfrog skeletons
  4 centaur skeletons
  7 iguanas
  Crazy Yiuf (D:2)
  24 worker ants
  A hound skeleton (D:9)
  2 hound zombies
  A howler monkey skeleton (D:9)
  A worker ant zombie (D:5)
  4 gnolls (D:2)
  10 adders
  5 shadow imps
  11 white imps
  6 ufetubi (IceCv)
  6 oozes
  An adder skeleton (D:6)
  3 adder zombies
  5 worms
  3 dart slugs
  6 leopard geckos
  96 orcs
  2 ball pythons
  11 giant cockroaches
  9 goblins
  8 hobgoblins
  9 jackals
  2 quokkas
  5 bats
  4 frilled lizards
  24 kobolds
  A leopard gecko zombie (D:4)
  3 rats
  A butterfly (Lair:2)
  20 fungi
  20 plants
  A starspawn tentacle (WizLab)
1419 creatures vanquished.

Vanquished Creatures (collateral kills)
  A purple draconian (WizLab)
  3 merfolk aquamancers (Shoals:4)
  2 fauns (Shoals:4)
  A merfolk siren (Shoals:4)
  A merfolk (Shoals:4)
  A ynoxinul (WizLab)
9 creatures vanquished.

Vanquished Creatures (others)
  2 deep elf knights
  A naga ritualist (Snake:4)
  2 naga magi (Snake:3)
  A guardian serpent (Snake:3)
  4 nagas (Snake:3)
  A centaur (Volcano)
  A wight (D:7)
  A white imp (IceCv)
  3 ufetubi (IceCv)
  20 fungi
  22 plants
  2 starspawn tentacles (WizLab)
60 creatures vanquished.

Grand Total: 1488 creatures vanquished

Notes
Turn   | Place    | Note
-------+----------+-------------------------------------------
     0 | D:1      | Lauz the Hill Orc Berserker began the quest for the Orb.
     0 | D:1      | Reached XP level 1. HP: 19/19 MP: 1/1
    41 | D:1      | Found a glowing golden altar of the Shining One.
    66 | D:1      | Reached XP level 2. HP: 25/27 MP: 2/2
   469 | D:1      | Reached XP level 3. HP: 24/33 MP: 3/3
   677 | D:1      | Reached ** piety under Trog
   982 | D:2      | Reached skill level 5 in Axes
  1208 | D:2      | Reached XP level 4. HP: 40/41 MP: 4/4
  1995 | D:2      | Found a runed translucent door.
  1996 | D:2      | Noticed Crazy Yiuf
  2003 | D:2      | Killed Crazy Yiuf
  2003 | D:2      | Reached XP level 5. HP: 47/47 MP: 5/5
  2120 | D:3      | Found a shadowy altar of Dithmenos.
  2223 | D:3      | Reached skill level 6 in Axes
  2483 | D:3      | Paralysed by something for 4 turns
  2492 | D:3      | Paralysed by something for 6 turns
  2608 | D:3      | Found an ornate altar of the Wu Jian Council.
  2680 | D:3      | Reached *** piety under Trog
  3090 | D:4      | Reached XP level 6. HP: 55/55 MP: 6/6
  3193 | D:3      | Reached skill level 7 in Axes
  3282 | D:3      | Reached skill level 5 in Fighting
  3780 | D:4      | Found a sacrificial altar of Ru.
  3816 | D:4      | Reached XP level 7. HP: 25/61 MP: 7/7
  4087 | D:4      | Reached **** piety under Trog
  4159 | D:4      | Reached skill level 8 in Axes
  4291 | D:4      | Reached skill level 5 in Armour
  4495 | D:4      | Found a staircase to the Ecumenical Temple.
  4532 | D:4      | Found a burning altar of Makhleb.
  4710 | D:5      | Entered Level 5 of the Dungeon
  4885 | D:5      | Reached XP level 8. HP: 70/70 MP: 8/8
  5080 | D:5      | Reached skill level 9 in Axes
  5137 | D:5      | Found a glowing golden altar of the Shining One.
  5416 | D:5      | Noticed Eustachio
  5433 | D:5      | Killed Eustachio
  5729 | D:5      | Found Azaorch's Serpentskin Sales.
  5914 | D:6      | Reached skill level 10 in Axes
  6157 | D:6      | Reached XP level 9. HP: 75/79 MP: 9/9
  6220 | D:6      | Noticed Menkaure
  6231 | D:6      | Killed Menkaure
  6516 | D:6      | Reached skill level 11 in Axes
  6816 | D:6      | Noticed a red ugly thing
  6833 | D:6      | Killed a red ugly thing
  6969 | D:7      | Reached skill level 12 in Axes
  7172 | D:7      | Reached ***** piety under Trog
  7172 | D:7      | Received a gift from Trog
  7684 | D:7      | Found a shimmering blue altar of Sif Muna.
  7771 | D:7      | Found a basalt altar of Yredelemnul.
  7772 | D:7      | Found a sparkling altar of Nemelex Xobeh.
  8062 | D:8      | Noticed Erica
  8066 | D:8      | Reached XP level 10. HP: 88/88 MP: 10/10
  8074 | D:8      | Killed Erica
  8074 | D:8      | Reached skill level 13 in Axes
  8256 | D:8      | Noticed Joseph
  8268 | D:8      | Killed Joseph
  8558 | D:8      | Noticed Maurice
  8621 | D:8      | Found a hazy altar of Hepliaklqana.
  8670 | D:8      | Killed Maurice
  8670 | D:8      | Reached skill level 14 in Axes
  8847 | D:8      | Received a gift from Trog
  8901 | D:8      | Found a white marble altar of Elyvilon.
  9460 | D:9      | Found a runed translucent door.
  9460 | D:9      | Noticed StormphoenixUK's ghost (novice DsBe)
  9748 | D:10     | Entered Level 10 of the Dungeon
  9784 | D:10     | Found Winyh's Antique Weapon Boutique.
  9888 | D:10     | Killed an unseen horror
  9888 | D:10     | Reached skill level 15 in Axes
  9888 | D:10     | Reached XP level 11. HP: 73/97 MP: 11/11
 10188 | D:10     | Noticed a two-headed ogre
 10196 | D:10     | Killed a two-headed ogre
 10659 | D:10     | Reached skill level 10 in Fighting
 10694 | D:10     | Identified the +4 halberd "Qemenw Wyobb" {vorpal, *Drain
                  | +Fly rElec Str+4}
 10724 | D:10     | Received a gift from Trog
 10950 | D:11     | Reached skill level 16 in Axes
 11184 | D:11     | Killed an unseen horror
 11186 | D:11     | You fall into a shaft and drop 2 floors!
 11376 | D:13     | Noticed a two-headed ogre
 11383 | D:13     | Killed a two-headed ogre
 11446 | D:13     | Noticed a centaur warrior
 11452 | D:13     | Killed a centaur warrior
 11643 | D:13     | Reached skill level 17 in Axes
 11681 | D:13     | Killed an unseen horror
 11681 | D:13     | Reached skill level 10 in Armour
 11681 | D:13     | Reached XP level 12. HP: 97/108 MP: 12/12
 11721 | D:13     | Noticed a five-headed hydra
 11731 | D:13     | Killed a one-headed hydra
 12355 | D:14     | Found a gate to the Vaults.
 12357 | D:14     | Received a gift from Trog
 12373 | D:14     | Noticed a two-headed ogre
 12408 | D:14     | Killed a two-headed ogre
 12483 | D:14     | Reached skill level 18 in Axes
 12597 | D:14     | Found a gate leading to a gauntlet.
 12602 | Gauntlet | Entered a Gauntlet
 12602 | Gauntlet | Found a transporter.
 12602 | Gauntlet | Found a transporter.
 12602 | Gauntlet | Found a transporter.
 12603 | Gauntlet | Found a transporter.
 12606 | Gauntlet | Found a transporter.
 12608 | Gauntlet | Found a large runed translucent door.
 12609 | Gauntlet | Found a large runed translucent door.
 12610 | Gauntlet | Found a large runed translucent door.
 12610 | Gauntlet | Found a large runed translucent door.
 12610 | Gauntlet | Found a runed translucent door.
 12611 | Gauntlet | Found a large runed translucent door.
 12612 | Gauntlet | Found a large runed translucent door.
 12613 | Gauntlet | Found a large runed translucent door.
 12613 | Gauntlet | Found a large runed translucent door.
 12614 | Gauntlet | Found a runed translucent gate.
 12615 | Gauntlet | Noticed a hell beast
 12616 | Gauntlet | Found a transporter.
 12622 | Gauntlet | Found a transporter.
 12622 | Gauntlet | Found a runed translucent gate.
 12623 | Gauntlet | Found a runed translucent gate.
 12623 | Gauntlet | Found a runed translucent door.
 12625 | Gauntlet | Found a large runed translucent door.
 12625 | Gauntlet | Found a large runed translucent door.
 12626 | Gauntlet | Found a large runed translucent door.
 12627 | Gauntlet | Found a large runed translucent door.
 12636 | Gauntlet | Found a large runed translucent door.
 12636 | Gauntlet | Found a large runed translucent door.
 12637 | Gauntlet | Found a large runed translucent door.
 12638 | Gauntlet | Found a large runed translucent door.
 12681 | Gauntlet | Found a transporter.
 12694 | Gauntlet | Found a transporter.
 12709 | Gauntlet | Found a transporter.
 12719 | Gauntlet | Found a transporter.
 12734 | Gauntlet | Found a transporter.
 12950 | Gauntlet | Got a pair of heavily runed boots
 12956 | Gauntlet | Identified the +1 pair of boots "Qes Idgh" {rPois SInv}
                  | (You found it in a Gauntlet)
 12990 | Gauntlet | Killed a hell beast
 13157 | Gauntlet | Identified the +9 spear of Tender Mercy {vorpal, MP+9
                  | Str+4}
 13157 | Gauntlet | Noticed a minotaur
 13168 | Gauntlet | Killed a minotaur
 13177 | Gauntlet | Found the +0 pair of fencer's gloves {Riposte Dex+3}
 14081 | D:15     | Entered Level 15 of the Dungeon
 14134 | D:15     | Noticed a death knight
 14158 | D:15     | Reached XP level 13. HP: 18/119 MP: 13/13
 14159 | D:15     | Reached skill level 19 in Axes
 14159 | D:15     | HP: 3/178 [mirror damage (14)]
 14638 | D:15     | Received a gift from Trog
 14958 | D:15     | Found a hazy altar of Hepliaklqana.
 15015 | D:15     | Noticed a fire dragon
 15027 | D:15     | Noticed a fire dragon
 15028 | D:15     | Killed a fire dragon
 15035 | D:15     | Killed a fire dragon
 15359 | D:15     | Found a staircase to the Depths.
 15586 | D:13     | Paralysed by a hornet for 3 turns
 15742 | D:12     | Reached skill level 20 in Axes
 15897 | D:12     | Found a blossoming altar of Fedhas.
 16204 | D:12     | Found Quprapat's Jewellery Shoppe.
 16289 | D:12     | Noticed Josephine
 16300 | D:12     | Killed Josephine
 16381 | D:12     | Received a gift from Trog
 16429 | D:12     | Noticed Kirke
 16444 | D:12     | Killed Kirke
 16444 | D:12     | Reached XP level 14. HP: 130/130 MP: 14/14
 16620 | D:12     | Found a staircase to the Orcish Mines.
 16781 | D:11     | Found a staircase to the Lair.
 17383 | Lair:1   | Entered Level 1 of the Lair of Beasts
 17458 | Lair:1   | Received a gift from Trog
 17465 | Lair:1   | Identified a scroll of acquirement
 17466 | Lair:1   | Found the +27 Lear's hauberk
 18214 | Lair:2   | Reached skill level 21 in Axes
 18338 | Lair:2   | Found a staircase to the Snake Pit.
 19826 | Lair:2   | Reached skill level 1 in Evocations
 19829 | Lair:2   | Got a steaming battleaxe
 19830 | Lair:2   | Identified the +4 battleaxe of Generosity {vorpal, rElec}
                  | (You found it on level 2 of the Lair of Beasts)
 20155 | Lair:3   | Found a staircase to the Shoals.
 20392 | Lair:3   | Received a gift from Trog
 21083 | Lair:3   | Reached skill level 15 in Fighting
 21296 | Lair:4   | Found the +8 storm bow {elec, penet}
 22003 | Lair:5   | You fall into a shaft and drop 1 floor!
 22003 | Lair:6   | Entered Level 6 of the Lair of Beasts
 22003 | Lair:6   | Noticed Nessos
 22008 | Lair:6   | Killed Nessos
 22008 | Lair:6   | Reached XP level 15. HP: 139/141 MP: 16/16
 22038 | Lair:6   | Received a gift from Trog
 22084 | Lair:6   | Reached skill level 22 in Axes
 22087 | Lair:6   | Got a slimy battleaxe {god gift}
 22088 | Lair:6   | Identified the +1 battleaxe of Hucvicia {vorpal, rElec rC+}
                  | (Trog gifted it to you on level 6 of the Lair of Beasts)
 22311 | Lair:5   | Received a gift from Trog
 22899 | Lair:5   | Found a staircase to the Slime Pits.
 23257 | Lair:6   | Received a gift from Trog
 23512 | Lair:6   | Reached skill level 23 in Axes
 23638 | Lair:6   | Received a gift from Trog
 24318 | Orc:1    | Entered Level 1 of the Orcish Mines
 24336 | Orc:2    | Entered Level 2 of the Orcish Mines
 24358 | Orc:1    | Found a dark tunnel.
 24400 | Volcano  | Entered a volcano
 24423 | Volcano  | Found a bloodstained altar of Trog.
 24446 | Volcano  | Reached XP level 16. HP: 131/152 MP: 17/17
 24807 | Orc:1    | Noticed Sonja
 24815 | Orc:1    | Killed Sonja
 25286 | Orc:2    | Noticed Snorg
 25298 | Orc:2    | Received a gift from Trog
 25325 | Orc:2    | Killed Snorg
 25358 | Orc:2    | Reached ****** piety under Trog
 25456 | Orc:2    | Found Xusanimpo's Antique Armour Emporium.
 25464 | Orc:2    | Found a staircase to the Elven Halls.
 25788 | Orc:2    | Found Dushor's Magic Scroll Shop.
 25833 | Orc:2    | Received a gift from Trog
 25849 | Orc:2    | Found Kuorph's Distillery.
 25995 | Orc:2    | Reached skill level 24 in Axes
 26130 | Orc:2    | Found Ilukyk's Book Shoppe.
 26130 | Orc:2    | Found Kyogat's Antique Weapon Emporium.
 26130 | Orc:2    | Found a one-way gate leading to the halls of Pandemonium.
 27028 | Shoals:1 | Entered Level 1 of the Shoals
 27209 | Shoals:1 | Received a gift from Trog
 27224 | Shoals:1 | Found Ucsugix's General Store.
 27472 | Shoals:1 | You fall into a shaft and drop 1 floor!
 27664 | Shoals:2 | Found a runed translucent gate.
 27664 | Shoals:2 | Found a runed translucent gate.
 27664 | Shoals:2 | Found a runed translucent gate.
 27667 | Shoals:2 | Noticed Dereoz's ghost (adept MiBe)
 28523 | Shoals:2 | You fall into a shaft and drop 1 floor!
 28552 | Shoals:3 | Received a gift from Trog
 28591 | Shoals:3 | HP: 7/157 [poisoned by a sea snake]
 28596 | Shoals:3 | HP: 7/157 [poisoned by a sea snake]
 29036 | Shoals:3 | Reached skill level 25 in Axes
 29045 | Shoals:3 | Reached XP level 17. HP: 131/163 MP: 18/18
 29794 | Shoals:4 | Entered Level 4 of the Shoals
 30144 | Shoals:4 | Found a transporter.
 30156 | Shoals:4 | Noticed Esekla's ghost (adept SpAr)
 30159 | Shoals:4 | Received a gift from Trog
 30438 | Shoals:4 | Found a transporter.
 30681 | Shoals:4 | Reached skill level 15 in Armour
 30688 | Shoals:4 | Got a barnacled rune of Zot
 31042 | Shoals:4 | Got a pitted bronze ring
 31043 | Shoals:4 | Identified the ring of Dim Light {*Contam rF+ rN++ Str-2
                  | Dex+3} (You found it on level 4 of the Shoals)
 31411 | Shoals:4 | Received a gift from Trog
 31494 | Shoals:4 | Killed Esekla's ghost
 31494 | Shoals:4 | Reached skill level 5 in Dodging
 31541 | Shoals:4 | Got a spiked cloak
 31552 | Shoals:4 | Identified the +3 cloak "Kogh" {rF+ Int+3} (You found it on
                  | level 4 of the Shoals)
 31854 | Shoals:3 | Killed Dereoz's ghost
 32084 | Shoals:2 | Identified the cursed +0 helmet of the Hare {MR+ rCorr SInv
                  | Stlth+} (You found it on level 2 of the Shoals)
 32089 | Shoals:2 | Identified the +2 pair of gloves of Greed {rElec rPois
                  | Dex-2} (You found it on level 2 of the Shoals)
 32223 | Snake:1  | Entered Level 1 of the Snake Pit
 32250 | Snake:1  | Found a frozen archway.
 32261 | IceCv    | Entered an ice cave
 32293 | IceCv    | Received a gift from Trog
 32659 | IceCv    | Noticed an Ice Fiend
 32661 | IceCv    | Noticed an Ice Fiend
 32672 | IceCv    | Killed an Ice Fiend
 32673 | IceCv    | Killed an Ice Fiend
 33021 | IceCv    | Got a sparkling copper ring
 33022 | IceCv    | Identified the ring of Kuad {rPois rF++ MR++ Slay-4} (You
                  | found it in an ice cave)
 33180 | Snake:1  | Found Vadysem's Magic Scroll Shop.
 33675 | Snake:1  | Reached XP level 18. HP: 162/176 MP: 19/19
 34389 | Snake:2  | Received a gift from Trog
 34566 | Snake:2  | Found the amulet of the Four Winds {rN+ MR+++ Clar}
 34971 | Snake:2  | Identified Roxanne's Volume of Clay
 34971 | Snake:2  | Noticed Roxanne
 35204 | Snake:2  | Killed Roxanne
 35481 | Snake:2  | Found Giru's Antique Armour Shoppe.
 35489 | Snake:2  | Bought an encrusted helmet for 266 gold pieces
 35489 | Snake:2  | Identified the cursed +0 helmet of the Lute {-Cast rPois
                  | rN++ Stlth+} (You bought it in a shop on level 2 of the
                  | Snake Pit)
 35625 | Snake:2  | Received a gift from Trog
 36148 | Snake:3  | Noticed Bai Suzhen
 36159 | Snake:2  | Killed Bai Suzhen
 36314 | Snake:3  | Noticed Nikola
 37545 | Snake:3  | Killed Nikola
 37717 | Snake:3  | Got a distressingly furry plate armour
 37836 | Snake:4  | Entered Level 4 of the Snake Pit
 38163 | Snake:4  | Received a gift from Trog
 38573 | Snake:4  | Noticed Vashnia
 38789 | Snake:3  | Reached XP level 19. HP: 123/187 MP: 20/20
 39758 | Snake:3  | Received a gift from Trog
 40395 | Snake:3  | Identified Sif Muna's Incunabulum of Cloudy Calling
 40689 | Snake:4  | Found Rubrod's Distillery.
 40899 | Snake:4  | Killed Vashnia
 40981 | Snake:4  | Received a gift from Trog
 41633 | Snake:4  | Got a serpentine rune of Zot
 41690 | Snake:4  | Found Voteshimui's Jewellery Boutique.
 41709 | Snake:4  | Found Zopiutho's Book Shop.
 41736 | Snake:4  | Found Anil's Assorted Antiques.
 41744 | Snake:4  | Bought a scroll of blinking for 210 gold pieces
 41744 | Snake:4  | Bought a scroll of teleportation for 84 gold pieces
 41877 | Snake:4  | Found Koululucs's Antique Weapon Shoppe.
 41879 | Snake:4  | Found Cyidgh's Book Emporium.
 41881 | Snake:4  | Found Hohel's Book Shoppe.
 42057 | Snake:4  | Identified the +7 plate armour "Gaepet" {rC+ Str+3} (You
                  | found it on level 3 of the Snake Pit)
 42535 | Snake:4  | Found Quoreise's Book Shoppe.
 43260 | Elf:1    | Entered Level 1 of the Elven Halls
 43273 | Elf:1    | Received a gift from Trog
 43821 | Elf:1    | Found a magical portal.
 43825 | WizLab   | Found a transporter.
 43833 | WizLab   | Found a corrupted altar of Lugonu.
 44021 | WizLab   | Found a transporter.
 44072 | WizLab   | Found a transporter.
 44087 | WizLab   | Found a transporter.
 44169 | WizLab   | Found a transporter.
 44171 | WizLab   | Found a transporter.
 44209 | WizLab   | Found a transporter.
 44237 | WizLab   | Found a transporter.
 44282 | WizLab   | Found a transporter.
 44329 | WizLab   | Found a transporter.
 44329 | WizLab   | Found a transporter.
 44364 | WizLab   | Found a transporter.
 44392 | WizLab   | Found a transporter.
 44397 | WizLab   | Received a gift from Trog
 44421 | WizLab   | Found a transporter.
 44446 | WizLab   | Reached XP level 20. HP: 167/200 MP: 21/21
 44477 | WizLab   | Found a transporter.
 44492 | WizLab   | Found a transporter.
 44948 | WizLab   | Found a transporter.
 44948 | WizLab   | Found a transporter.
 45006 | WizLab   | Identified the Catalogue of Orientation
 45010 | WizLab   | Identified the +0 cloak of Vunun {+Inv Int+5 Dex-3 Stlth-}
                  | (You found it in a wizard's laboratory)
 45014 | WizLab   | Identified the +2 cloak "War Kinerumi" {Str+3 Int+5} (You
                  | found it in a wizard's laboratory)
 45019 | WizLab   | Identified the -1 cloak "Udyes" {rN++ MP-9 Int+6} (You
                  | found it in a wizard's laboratory)
 45639 | Elf:1    | Reached skill level 10 in Dodging
 46006 | Elf:1    | Received a gift from Trog
 46027 | Elf:1    | Identified the +4 battleaxe "Abula" {vorpal, +Fly} (Trog
                  | gifted it to you on level 1 of the Elven Halls)
 46465 | Elf:2    | Found Tilimuk's Jewellery Shop.
 47478 | Elf:2    | Found Vasef's Jewellery Boutique.
 47511 | Elf:2    | Received a gift from Trog
 47545 | Elf:2    | Found Vuhyel's Distillery.
 47579 | Elf:2    | Bought the ring of Jistick {rElec MP+9 Str+8 Dex+3} for 915
                  | gold pieces
 47634 | Elf:2    | Found Pireus's Gadget Shoppe.
 47861 | Elf:2    | Found Acoy's Gadget Boutique.
 47966 | Elf:2    | Found a huge runed translucent gate.
 47968 | Elf:2    | Found a huge runed translucent gate.
 47968 | Elf:2    | Found a huge runed translucent gate.
 47969 | Elf:2    | Found a huge runed translucent gate.
 47969 | Elf:2    | Found a huge runed translucent gate.
 48246 | Elf:2    | Received a gift from Trog
 48878 | Elf:3    | Entered Level 3 of the Elven Halls
 48914 | Elf:3    | Found a flickering gateway to a bazaar.
 48918 | Bazaar   | Entered a bazaar
 48918 | Bazaar   | Found Faaxkar's Armour Boutique.
 48918 | Bazaar   | Found Beutif's Antique Armour Boutique.
 48950 | Bazaar   | Found Louhomif's Jewellery Shop.
 48985 | Bazaar   | Found Magiole's Weapon Boutique.
 49151 | Elf:3    | HP: 6/204 [acid (13)]
 49152 | Elf:3    | Killed from afar by a deep elf sorcerer

Levels and vault maps discovered:
D:1:      shiori_shiawase, layout_rooms, st_stairs_9, tso_metal_star
D:2:      layout_rooms, uniq_crazy_yiuf_cottage
D:3:      layout_loops_ring, nicolae_dithmenos_through_a_glass_darkly,
          lemuel_doored_altar, serial_forest, infiniplex_forest_pool,
          infiniplex_forest_clump_diagonal, infiniplex_forest_clump_diagonal,
          infiniplex_forest_end_3, infiniplex_forest_lined_3_way,
          infiniplex_forest_lined_2, infiniplex_forest_clump_tiny,
          infiniplex_forest_clump_small
D:4:      layout_rooms, lemuel_crystal_altar, bloody_makhleb,
          minmay_temple_entry_poolview
D:5:      layout_gridville, nicolae_overflow_crystal_walls, first_ration,
          guppyfry_shop_venom, uniq_eustachio
D:6:      layout_loops_ring, basic_altar, nzn_random_ring, uniq_menkaure
D:7:      layout_cave_pools, led_sif_book, gammafunk_temple_overflow_pools
D:8:      layout_rooms, lemuel_crystal_altar, elyvilon_altar_5, uniq_maurice,
          uniq_erica, uniq_joseph
D:9:      layout_rooms, hellmonk_ghost_happy_afterlife
D:10:     layout_grid_maze, serial_shops, shop
D:11:     layout_long_grid, grunt_lair_entry_orc_guard_hut,
          hangedman_little_slice_of_home
D:12:     minmay_curly_fans, layout_basic, orc_0_dummy, serial_shops,
          nicolae_shop_stone, fedhas_altar_4, uniq_josephine, uniq_kirke
D:13:     layout_gridville
D:14:     layout_basic, erik_vaults_1, roderic_serpentine_path,
          gauntlet_entry_generic
D:15:     grunt_enter_depths_hoard, layout_irregular_city, basic_altar,
          serial_rivers, chequers_serial_rivers_marsh,
          chequers_serial_rivers_micro_a, chequers_serial_rivers_micro_a,
          chequers_serial_rivers_micro_e, chequers_serial_rivers_small_b,
          minmay_splitting_lines, hangedman_decor_push
Lair:1:   layout_chaotic_city
Lair:2:   layout_cave_pods, minmay_snake_entry_spellcaster, lemuel_fruit_fields,
          lemuel_fruit_tree, minmay_lair_oklob_chamber
Lair:3:   layout_cave_pods, elwin_shoals_entry_rooms, special_room
          [special_room_bee]
Lair:4:   layout_regular_city
Lair:5:   layout_cave_shapes, slime_dummy, beast_lair_carwin_5
Lair:6:   gammafunk_lair_ancient_temple, layout_loops_ring,
          minmay_another_anthill, uniq_nessos
Shoals:1: layout_shoals, serial_shops, shop
Shoals:2: layout_shoals, gammafunk_ghost_tricky_traps,
          nicolae_shoals_this_corrosion
Shoals:3: layout_shoals
Shoals:4: shoals_end_grunt_garden, layout_shoals,
          gammafunk_ghost_berserking_beasts
Snake:1:  layout_honeycomb, serial_shops, shop, portal_ice_cave_entry_dragon
Snake:2:  layout_concentric_octagons, serial_shops, shop_statue, uniq_roxanne
Snake:3:  kennysheep_snake, layout_layer_cave, uniq_nikola, uniq_bai_suzhen
Snake:4:  johnstein_snake_rune_scales, layout_layer_cave, serial_shops,
          nicolae_shop_temple_entry_statues_fountains, nicolae_shop_crystal,
          shop, nicolae_shop_statue_plus, shop_statue, minmay_shop_star,
          uniq_vashnia
Orc:1:    layout_caves, nicolae_volcano_entry_vermiform, lightli_orcish_oven,
          uniq_sonja
Orc:2:    pf_orc_diabolical, layout_caves, serial_shops, nicolae_shop_stone,
          nicolae_orc_flooded_monolith, uniq_snorg
Elf:1:    minmay_elf_arrival_summoners, layout_gridlike, mu_enter_wizlab_4,
          minmay_elf_annihilation
Elf:2:    layout_gridlike, serial_shops, shop, shop_coins, shop, shop, shop,
          hangedman_decor_cross_pass
Elf:3:    nooodl_elf_gasket, layout_geoelf_octagon, serial_shops,
          bzr_entry_dummy, corexii_checkpoint_a, minivault_16,
          patterned_corridor

Skill      XL: |  1  2  3  4  5  6  7  8  9 10 11 12 13 14 15 16 17 18 19 20 |
---------------+-------------------------------------------------------------+-----
Fighting       | 4 5 6 7 8 9 10 12 13 15 16 17 19 20 22 23 | 23.4
Axes           | 5 6 7 8 10 12 15 17 18 20 21 23 25 | 25.0
Armour         | 3 4 5 6 8 9 10 11 12 13 14 15 17 18 19 | 19.6
Dodging        | 2 3 4 5 7 9 11 | 11.0
Evocations     | 2 |  2.6

Action                   |  1- 3 |  4- 6 |  7- 9 | 10-12 | 13-15 | 16-18 | 19-21 || total
-------------------------+-------+-------+-------+-------+-------+-------+-------++-------
Melee: Hand axe          |   108 |   241 |   391 |       |       |       |       ||   740
       Battleaxe         |       |       |    42 |   350 |   519 |       |       ||   911
       Executioner's axe |       |       |       |       |   349 |  1078 |   802 ||  2229
Invok: Berserk           |     1 |     4 |    10 |     8 |     3 |     5 |       ||    31
       Trog's Hand       |       |       |     1 |       |     2 |     4 |       ||     7
       Brothers in Arms  |       |       |       |       |       |     6 |     1 ||     7
Evoke: Wand              |       |       |       |       |    22 |    14 |     2 ||    38
  Use: Scroll            |       |       |       |    25 |    15 |    15 |    13 ||    68
       Potion            |       |       |       |       |     1 |     7 |     3 ||    11
 Stab: Sleeping          |     1 |       |       |       |       |       |       ||     1
       Paralysed         |       |       |       |       |     4 |     3 |     1 ||     8
       Distracted        |       |       |       |       |     1 |       |       ||     1
       Petrified         |       |       |       |       |     2 |       |       ||     2
       Confused          |       |       |       |       |       |     4 |       ||     4
       Invisible         |       |       |       |       |       |       |     5 ||     5
  Eat: Chunk             |     1 |    10 |    23 |    18 |    28 |    33 |    13 ||   126
       Ration            |       |     1 |       |     3 |     3 |     6 |     6 ||    19
Armor: Animal skin       |    16 |     7 |       |       |       |       |       ||    23
       Chain mail        |       |   116 |   176 |   198 |   547 |   754 |   576 ||  2367
Dodge: Dodged            |    68 |   102 |   144 |   122 |   338 |   479 |   450 ||  1703
       Rpst.: Battleaxe  |       |       |       |     4 |    29 |       |       ||    33

Table legend:
 A = Non-vault XP
 B = Vault XP
 C = Vault XP percentage of total XP
 D = Non-vault monster count
 E = Vault monster count
 F = Vault count percentage of total count
                 A         B        C        D         E       F
            +---------+---------+-------+---------+---------+-------
      Total |  252309 |  237110 |  48.4 |     884 |     507 |  36.4
            +---------+---------+-------+---------+---------+-------
        D:1 |      44 |       4 |   8.3 |      24 |       2 |   7.7
        D:2 |      81 |      36 |  30.8 |      17 |       1 |   5.6
        D:3 |     217 |       0 |   0.0 |      30 |       0 |   0.0
        D:4 |     597 |       0 |   0.0 |      25 |       0 |   0.0
        D:5 |     561 |     204 |  26.7 |      19 |       2 |   9.5
        D:6 |     760 |    1088 |  58.9 |      23 |      13 |  36.1
        D:7 |    1031 |       0 |   0.0 |      25 |       0 |   0.0
        D:8 |    1275 |    1900 |  59.8 |      29 |       3 |   9.4
        D:9 |     855 |       0 |   0.0 |      16 |       0 |   0.0
       D:10 |    3172 |       0 |   0.0 |      23 |       0 |   0.0
       D:11 |    7201 |    1074 |  13.0 |      34 |      14 |  29.2
       D:12 |    6911 |    6878 |  49.9 |      41 |      14 |  25.5
       D:13 |    6361 |       0 |   0.0 |      27 |       0 |   0.0
       D:14 |    2216 |    1808 |  44.9 |       8 |       2 |  20.0
       D:15 |   12000 |    2173 |  15.3 |      33 |       2 |   5.7
     Lair:1 |    4385 |       0 |   0.0 |      23 |       0 |   0.0
     Lair:2 |    1361 |    2996 |  68.8 |       6 |       7 |  53.8
     Lair:3 |    4211 |    1904 |  31.1 |      20 |      26 |  56.5
     Lair:4 |    9230 |       0 |   0.0 |      18 |       0 |   0.0
     Lair:5 |    9496 |    1790 |  15.9 |      36 |       6 |  14.3
     Lair:6 |   12519 |   16365 |  56.7 |      44 |      53 |  54.6
   Shoals:1 |    7723 |       0 |   0.0 |      17 |       0 |   0.0
   Shoals:2 |   11183 |    6316 |  36.1 |      24 |      10 |  29.4
   Shoals:3 |   14679 |    2716 |  15.6 |      29 |       2 |   6.5
   Shoals:4 |    6936 |   23252 |  77.0 |      17 |      38 |  69.1
    Snake:1 |    8777 |     962 |   9.9 |      15 |       1 |   6.2
    Snake:2 |   22551 |    7410 |  24.7 |      42 |       2 |   4.5
    Snake:3 |   17656 |   25983 |  59.5 |      38 |      37 |  49.3
    Snake:4 |   14920 |   40266 |  73.0 |      25 |      65 |  72.2
      Orc:1 |     728 |    1608 |  68.8 |      10 |       8 |  44.4
      Orc:2 |    3529 |   18098 |  83.7 |      53 |      66 |  55.5
      Elf:1 |   25438 |    8170 |  24.3 |      42 |      13 |  23.6
      Elf:2 |   30967 |   23935 |  43.6 |      48 |      31 |  39.2
      Elf:3 |    2738 |    4782 |  63.6 |       3 |       4 |  57.1
      IceCv |       0 |   11093 | 100.0 |       0 |      31 | 100.0
    Volcano |       0 |    2516 | 100.0 |       0 |       7 | 100.0
     WizLab |       0 |   18172 | 100.0 |       0 |      37 | 100.0
   Gauntlet |       0 |    3611 | 100.0 |       0 |      10 | 100.0
            +---------+---------+-------+---------+---------+-------
